 Dungeon Crawl Stone Soup version 0.30.1-11-g7821555f0a (webtiles) character file.

Game seed: 4160353849760110278

2 AudioDrama the Grave Robber (level 1, 1/14 HPs)
             Began as a Draconian Necromancer on Dec 16, 2023.
             Quit the game on level 1 of the Dungeon.
             The game lasted 00:01:01 (318 turns).

AudioDrama the Grave Robber (Draconian Necromancer)  Turns: 318, Time: 00:01:02

Health: 1/14       AC:  4    Str: 10    XL:     1   Next: 33%
Magic:  0/3        EV: 12    Int: 15    God:
Gold:   0          SH:  0    Dex: 11    Spells: 3/4 levels left

rFire   . . .        (no weapon)
rCold   . . .        (no shield)
rNeg    . . .        (body armour unavailable)
rPois   .            (helmet restricted)
rElec   .            (no cloak)
rCorr   .            (no gloves)
SInv    .            (no boots)
Will    .....        (no amulet)
Stlth   ++           (no ring)
HPRegen 0.22/turn    (no ring)
MPRegen 0.08/turn

%: no passive effects
@: very slightly contaminated
A: AC +4, unfitting armour, cold-blooded
a: no special abilities


You were on level 1 of the Dungeon.
You visited 1 branch of the dungeon, and saw 1 of its levels.

Inventory:

Scrolls
 b - a scroll of blinking {unknown}
Potions
 a - a potion of magic


   Skills:
 * Level 1.7 Dodging
 * Level 2.1 Stealth
 * Level 2.0 Spellcasting
 * Level 4.0 Necromancy


You had 3 spell levels left.
You knew the following spells:

 Your Spells              Type           Power      Damage    Failure   Level
a - Necrotise             Necr           52%        1d6       4%          1

Your spell library contained the following spells:

 Spells                   Type           Power      Damage    Failure   Level
 Vampiric Draining        Necr           13%        2d6       13%         3
 Animate Dead             Necr           13%        N/A       38%         4
 Agony                    Necr           13%        N/A       75%         5


Dungeon Overview and Level Annotations

Branches:
Dungeon (1/15)

Altars:


Innate Abilities, Weirdness & Mutations

Your plain brown scales are hard. (AC +4)
You cannot fit into any form of body armour.
You are cold-blooded and may be slowed by cold attacks.


Message History

You kill the bat!
The dead are flying!
Your Stealth skill increases to level 2!
You swap places.
Okay, then.
Okay, then.
The gnoll shouts!
Your bat skeleton closely misses the gnoll.
Your bat skeleton hits the gnoll but does no damage. x2
Your bat skeleton hits the gnoll.
Your bat skeleton completely misses the gnoll.
Your bat skeleton closely misses the gnoll.
Aiming: Necrotise (safe; 4% risk of failure)
Press: ? - help, Q - select action Shift-Dir - straight line, f - gnoll
Aim: a gnoll, wielding a +0 club (lightly wounded, ally target, chance to affect: 76%)
The gnoll writhes in agony.
Your bat skeleton closely misses the gnoll.
Your bat skeleton hits the gnoll but does no damage.
The gnoll hits you with a +0 club!
Ouch! That really hurt!
Your bat skeleton hits the gnoll but does no damage.
Aiming: Necrotise (safe; 4% risk of failure)
Press: ? - help, Q - select action Shift-Dir - straight line, f/p - gnoll
Aim: a gnoll, wielding a +0 club (heavily wounded, not watching you, ally target, chance to affect: 76%)
You miscast Necrotise.
You are very lightly contaminated with residual magic.
Nothing appears to happen.
Your bat skeleton hits the gnoll but does no damage.
Your bat skeleton misses the gnoll.
The gnoll barely misses your bat skeleton.
Aiming: Necrotise (safe; 4% risk of failure)
Press: ? - help, Q - select action Shift-Dir - straight line, f/p - gnoll
Aim: a gnoll, wielding a +0 club (heavily wounded, not watching you, ally target, chance to affect: 76%)
The gnoll writhes in agony.
Your bat skeleton crumbles into dust!
The gnoll hits you with a +0 club.
* * * LOW HITPOINT WARNING * * *
The gnoll attacks as you move away! The gnoll hits you with a +0 club.
* * * LOW HITPOINT WARNING * * *
Are you sure you want to abandon this character and quit the game? (Confirm with "yes".)

####...######..#..#....#..#.#..#
§§☼..[$.§§.............#........
°§☼...?...§.......#............#
§○§...[..§§.#..#.##..#.#....#..#
####...######..#.##..#.#........
#○§§# ##..#.##.............
#§§.# #...................#
#☼○°# ##.##.##............. ##
#...#####....@g...######.
.####.#.#.######.###.#
.................# #.#
.######.#.##########.#
.....................#
#########.############ ###


You could see a gnoll.

Vanquished Creatures
  2 bats (D:1)
  A rat (D:1)
3 creatures vanquished.

Notes
Turn   | Place    | Note
-------+----------+-------------------------------------------
     0 | D:1      | AudioDrama the Draconian Necromancer began the quest for
                  | the Orb.
     0 | D:1      | Reached XP level 1. HP: 14/14 MP: 3/3
   318 | D:1      | Quit the game

Illustrated notes

Levels and vault maps discovered:
D:1:      ebering_hopf_link, layout_basic, minmay_parallelograms,
          minmay_gold_behind_fungi, lemuel_flame_loot_1

Skill      XL: |  1 |
---------------+----+-----
Stealth        | 2 |  2.1
Dodging        | |  1.7
Spellcasting   | |  2.0
Necromancy     | |  4.0

Action                     || total
---------------------------++-------
  Melee: Unarmed           ||     1
   Cast: Necrotise         ||     6
 Armour: Skin              ||     2
  Dodge: Dodged            ||     3
